 Dungeon Crawl Stone Soup version 0.31.0-11-ge490571c62 (webtiles) character file.

Game seed: 6737751323777578254

173 qw the Skirmisher (level 5, 0/29 HPs)
             Began as a Deep Elf Hunter on Feb 3, 2024.
             Slain by a gnoll
             ... wielding a +0 halberd
              (7 damage)
             ... on level 3 of the Dungeon.
             The game lasted 00:00:08 (2258 turns).

qw the Skirmisher (Deep Elf Hunter)                 Turns: 2258, Time: 00:00:09

Health: 0/29       AC:  6    Str: 10    XL:     5   Next: 28%
Magic:  7/7        EV: 11    Int: 14    God:
Gold:   40         SH:  0    Dex: 18    Spells: 4/4 levels left

rFire   . . .        a - +0 shortbow
rCold   . . .        (shield currently unavailable)
rNeg    . . .        e - +0 ring mail
rPois   .            (no helmet)
rElec   .            (no cloak)
rCorr   .            (no gloves)
SInv    .            g - +0 pair of boots
Will    .....        (no amulet)
Stlth   +            (no ring)
HPRegen 0.24/turn    (no ring)
MPRegen 0.10/turn

%: no passive effects
@: no status effects
A: no striking features
a: no special abilities


You were on level 3 of the Dungeon.
You visited 1 branch of the dungeon, and saw 3 of its levels.

You collected 182 gold pieces.
You spent 142 gold pieces at shops.


   Skills:
 - Level 1.5 Fighting
 + Level 8.7 Ranged Weapons
 - Level 2.4 Dodging
 - Level 1.2 Stealth


You had 4 spell levels left.
You didn't know any spells.
Your spell library was empty.

Inventory:

Hand Weapons
 a - a +0 shortbow (weapon)
Armour
 c - the +1 robe "Boen" {Rampage +Inv Str+4}
   (You bought it in a shop on level 3 of the Dungeon)

   Str+4:     It affects your strength (+4).
   +Inv:      It lets you turn invisible.
   Rampage:   It bestows one free step when moving towards enemies.
 e - a +0 ring mail (worn)
 g - a +0 pair of boots (worn)
Jewellery
 m - a ring of poison resistance
Scrolls
 k - a scroll of fear {unknown}
 l - a scroll of noise {unknown}
 n - a scroll of identify
Potions
 b - 2 potions of might
 d - 3 potions of curing
 f - a potion of resistance
 h - a potion of mutation {unknown}
 i - a potion of heal wounds {unknown}
 j - a potion of lignification {unknown}

Dungeon Overview and Level Annotations

Branches:
Dungeon (3/15)

Altars:

Shops:
D:3 [

Annotations:
D:3 3 runed translucent doors, qw's ghost, amateur DEHu; qw's ghost, amateur SpHu


Message History

n - a scroll of identify
There is a fountain of clear blue water here.
Found an escape hatch in the floor.
Found an escape hatch in the floor. 2 gnolls come into view.
The gnoll shouts! x2; You hear a shout!
You see here a wand of roots (8).
You shoot an arrow. The arrow barely misses the gnoll.
You shoot an arrow. The arrow hits the gnoll!
The gnoll is severely wounded.
A gnoll comes into view. It is wielding a +0 club.
The gnoll hits you from afar with a +0 spear.
You shoot an arrow. The gnoll shouts!
The arrow hits the gnoll!
You kill the gnoll!
You shoot an arrow. The arrow hits the gnoll.
The gnoll is moderately wounded.
You shoot an arrow. The arrow completely misses the gnoll.
The gnoll misses you.
You shoot an arrow. The arrow barely misses the gnoll.
You shoot an arrow. The arrow hits the gnoll.
The gnoll is severely wounded.
The gnoll hits you with a +0 whip.
You shoot an arrow. The arrow closely misses the gnoll.
The gnoll hits you but does no damage. The gnoll closely misses you.
You shoot an arrow.
The arrow hits the gnoll but does no damage.
The gnoll is severely wounded.
You hear a shout!
The gnoll hits you with a +0 club. The gnoll hits you with a +0 whip.
You shoot an arrow. The arrow closely misses the gnoll.
A gnoll comes into view. It is wielding a +0 halberd.
The gnoll closely misses you. The gnoll hits you with a +0 whip. x2
The gnoll hits you with a +0 club.
You shoot an arrow. The arrow hits the gnoll!
You kill the gnoll!
The gnoll hits you with a +0 club.
The gnoll hits you from afar with a +0 halberd!
You die...

#### #########
...# .....)g)#
.>.# #@# ...# #.#
#### ####g###..#
###.###.........#
...........>###.#
##.###.##..#
#...##..^..
#.####..#### #.#
#..#


You could see 2 gnolls.

Vanquished Creatures
  An iguana (D:3)
  3 gnolls
  5 adders
  6 dart slugs
  4 ribbon worms
  4 ball pythons
  4 endoplasms
  2 giant cockroaches
  3 goblins
  4 hobgoblins
  10 jackals
  6 bats
  5 frilled lizards
  5 kobolds (D:1)
  3 rats
65 creatures vanquished.

Notes
Turn   | Place    | Note
-------+----------+-------------------------------------------
     0 | D:1      | qw the Deep Elf Hunter began the quest for the Orb.
     0 | D:1      | Reached XP level 1. HP: 12/12 MP: 3/3
     0 | D:1      | 0 ||| qw: Version: 0.3-a-158-g18b3111
     0 | D:1      | 0 ||| qw: Game counter: 4165
     0 | D:1      | 0 ||| qw: Melee chars always use a shield: true
     0 | D:1      | 0 ||| qw: God list: Okawaru
     0 | D:1      | 0 ||| qw: Allow faded altars: false
     0 | D:1      | 0 ||| qw: Do Orc after clearing Dungeon:15 true
     0 | D:1      | 0 ||| qw: Do second Lair branch before Depths: true
     0 | D:1      | 0 ||| qw: Lair rune preference: random
     0 | D:1      | 0 ||| qw: Goals: Normal
     0 | D:1      | 0 ||| PLANNING D:1-11
   210 | D:1      | Reached skill level 6 in Ranged Weapons
   210 | D:1      | Reached XP level 2. HP: 16/16 MP: 4/4
   338 | D:1      | Reached XP level 3. HP: 20/20 MP: 5/5
   949 | D:1      | 949 ||| UPGRADING to +0 ring mail.
   959 | D:1      | 959 ||| DROPPING +0 leather armour.
   960 | D:1      | 960 ||| READING scroll labelled KAARRAE ILIRPH.
   961 | D:1      | 961 ||| DRINKING 3 bubbling golden potions.
   962 | D:1      | 962 ||| DROPPING scroll of butterflies.
  1006 | D:2      | 1006 ||| STAIRDANCE
  1010 | D:2      | 1010 ||| STAIRDANCE
  1022 | D:2      | 1022 ||| STAIRDANCE
  1055 | D:2      | Reached skill level 7 in Ranged Weapons
  1222 | D:2      | Reached XP level 4. HP: 25/25 MP: 6/6
  1442 | D:2      | Found a faded altar of an unknown god.
  1514 | D:2      | Reached skill level 8 in Ranged Weapons
  1638 | D:2      | 1638 ||| UPGRADING to +0 pair of boots.
  1643 | D:2      | 1643 ||| READING scroll labelled GIADDA GEWEIFE.
  1744 | D:2      | 1744 ||| READING 2 scrolls labelled YTWEVU NANUGAC.
  1744 | D:2      | 1744 ||| IDENTIFYING fizzy silvery potion
  1745 | D:2      | 1745 ||| READING scroll of identify.
  1745 | D:2      | 1745 ||| IDENTIFYING pink potion
  1893 | D:3      | Reached XP level 5. HP: 16/29 MP: 7/7
  1965 | D:3      | Found Nemakhyoh's Antique Armour Shoppe.
  1971 | D:3      | 1971 ||| BUYING brightly glowing robe (142 gold).
  1971 | D:3      | Bought a brightly glowing robe for 142 gold pieces
  1971 | D:3      | Identified the +1 robe "Boen" {Rampage +Inv Str+4} (You
                  | bought it in a shop on level 3 of the Dungeon)
  1971 | D:3      | 1971 ||| SHOPLISTING pair of gloves (112 gold, have 28).
  1987 | D:3      | Found a runed translucent gate.
  1987 | D:3      | Found a runed translucent gate.
  1987 | D:3      | Found a runed translucent gate.
  1992 | D:3      | Noticed qw's ghost (amateur SpHu)
  1992 | D:3      | Noticed qw's ghost (amateur DEHu)
  2258 | D:3      | HP: 7/29 [gnoll/+0 club (3)]
  2258 | D:3      | Slain by a gnoll

Levels and vault maps discovered:
D:1:      dpeg_arrival_houses_and_road, layout_basic, st_stairs_12,
          dreamdust_wishing_well
D:2:      kennysheep_big_flooded_room, layout_rooms,
          hellmonk_ecumenical_altar_dog_temple
D:3:      layout_basic, yredelemnul_altar_generic, gammafunk_ghost_cemetery,
          serial_shops, shop, nicolae_elevator_lobby_plus

Skill      XL: |  1  2  3  4 |
---------------+-------------+-----
Ranged Weapons | 6 7 8 |  8.7
Fighting       | |  1.5
Dodging        | |  2.4
Stealth        | |  1.2

Action                     |  1- 3 |  4- 6 || total
---------------------------+-------+-------++-------
   Fire: Shortbow          |   122 |    69 ||   191
    Use: Scroll            |     1 |     3 ||     4
         Potion            |     1 |       ||     1
 Armour: Leather armour    |    16 |       ||    16
         Ring mail         |    15 |    28 ||    43
  Dodge: Dodged            |    22 |    20 ||    42

Table legend:
 A = Non-vault XP
 B = Vault XP
 C = Vault XP percentage of total XP
 D = Non-vault monster count
 E = Vault monster count
 F = Vault count percentage of total count
                 A         B        C        D         E       F
            +---------+---------+-------+---------+---------+-------
      Total |     236 |      27 |  10.3 |      58 |       7 |  10.8
            +---------+---------+-------+---------+---------+-------
        D:1 |      59 |       2 |   3.3 |      27 |       1 |   3.6
        D:2 |      74 |      25 |  25.3 |      21 |       6 |  22.2
        D:3 |     103 |       0 |   0.0 |      10 |       0 |   0.0
            +---------+---------+-------+---------+---------+-------
